Cogmind - Beta 17 @@@ ROGUE MODE // 2026.08.06 @ 19:25:53 Player: Marienkos Result: Core melted Performance ------------- Evolutions (1) 500 Regions Visited (2) 400 Robots Destroyed (24) 120 Value Destroyed (594) 594 Prototype IDs (0) 0 Alien Tech Used (0) 0 Bonus (0) 0 TOTAL SCORE: 1614 Bonus ------- None Cogmind --------- Core Integrity 0/400 Matter 273/300 Energy 176/250 System Corruption 4% Temperature Critical (575) Movement Walking (120) Location -9/Materials Parts ------- > --- POWER (1) -------- Ion Engine > --- PROPULSION (2) --- Carbon-fiber Leg Carbon-fiber Leg > --- UTILITY (4) ------ (None) > --- WEAPON (2) ------- Field Laser Field Laser > --- INVENTORY (5) ---- Aluminum Leg Aluminum Leg Assault Rifle Light Assault Rifle Light Assault Rifle Peak State ------------ > --- POWER ------------ Ion Engine > --- PROPULSION ------- Carbon-fiber Leg Carbon-fiber Leg > --- UTILITY ---------- (None) > --- WEAPON ----------- Field Laser Field Laser > --- INVENTORY -------- Ion Engine Medium Laser Assault Rifle Light Assault Rifle Light Assault Rifle [Rating: 13] Favorites ----------- Power Ion Engine Engine Ion Engine Propulsion Wheel Leg Carbon-fiber Leg Wheel Wheel Utility None Weapon Improved Light Cannon Energy Gun Medium Laser Ballistic Gun Light Assault Rifle Ballistic Cannon Improved Light Cannon Build | -11 -10 -9 ------- Run | Yrd Mat Mat Slots Evolved 2 | . . 2 Power . | . . . Propulsion . | . . . Utility 2 | . . 2 Weapon . | . . . Parts Attached 24 | 5 2 17 Power 3 | 1 . 2 Engine 3 | 1 . 2 Core . | . . . Reactor . | . . . Propulsion 12 | 2 1 9 Treads . | . . . Leg 9 | . . 9 Wheel 3 | 2 1 . Hover . | . . . Flight . | . . . Utility . | . . . Device . | . . . Storage . | . . . Processor . | . . . Hackware . | . . . Protection . | . . . Artifact . | . . . Weapon 9 | 2 1 6 Energy Gun 5 | 1 . 4 Energy Cannon . | . . . Ballistic Gun 2 | 1 1 . Ballistic Cannon 2 | . . 2 Launcher . | . . . Special Weapon . | . . . Impact Weapon . | . . . Slashing Weapon . | . . . Piercing Weapon . | . . . Special Melee Weapon . | . . . Unidentified Prototypes . | . . . Parts Lost 10 | . 1 9 Power 2 | . . 2 Propulsion 4 | . 1 3 Utility . | . . . Weapon 4 | . . 4 Highest Loss Streak 6 | . 1 6 To Critical Strikes . | . . . Average Backups 4 | 1 4 4 Power . | . 1 . Propulsion . | . 1 . Utility . | . . . Weapon 2 | . 1 3 Tool/Special . | . . . Unused Backups 3 | . . 3 Power . | . . . Propulsion 1 | . . 1 Utility . | . . . Weapon 2 | . . 2 Tool/Special . | . . . Average Slot Usage (%) 55 | . 67 48 Engine 10 | . 14 9 Leg 8 | . . 13 Wheel 13 | . 26 5 Energy Gun 9 | . 13 7 Ballistic Gun 5 | . 12 . Ballistic Cannon 7 | . . 11 Peak Build Rating 13 | 5 5 13 Average Rating 6 | 4 4 8 On Entrance 3 | . 5 5 Avg Prop Armor Cover (%) . | . . . Naked Turns . | . . . Heaviest Build 13 | 8 8 13 Greatest Support 30 | 20 20 30 Greatest Overweight (x) 2 | . . 2 Average Overweight (x) . | . . . Largest Inventory Capacity 5 | 5 5 5 Average Capacity 5 | 5 5 5 Most Carried 5 | 3 5 5 Average Carried 4 | 1 4 4 Final Capacity 5 | 5 5 5 Final Carried 5 | 3 4 5 Class Distribution -------------------- 100% | Mutant Dominant Class ---------------- Mutant | -10/Materials Mutant | -9/Materials Resources | -11 -10 -9 ----------- Run | Yrd Mat Mat Matter Collected 628 | 171 112 345 Remotely . | . . . Salvage Created 672 | . 159 513 Parts 54 | . 17 37 Haulers Intercepted . | . . . Recyclers Shooed . | . . . Parts Field Recycled . | . . . Retrieved Matter . | . . . Parts Self-Destructed . | . . . Prevented . | . . . Parts Restored . | . . . Kills | -11 -10 -9 ------- Run | Yrd Mat Mat Combat Hostiles Destroyed 21 | . 5 16 Guns 14 | . 5 9 Cannons 7 | . . 7 Classes Destroyed 7 | . 3 4 Worker 1 | . . 1 Builder 1 | . 1 . Recycler 1 | . . 1 Swarmer 7 | . 3 4 Grunt 12 | . 2 10 Brawler 1 | . . 1 Sentry 1 | . . 1 Best Kill Streak 5 | . 3 5 Combat Bots Only 5 | . 3 5 Max Kills in Single Turn 2 | . 1 2 Gunslinging . | . . . Exploded . | . . . Melee . | . . . Uniques/NPCs Destroyed . | . . . Combat | -11 -10 -9 -------- Run | Yrd Mat Mat Hostile Shots Fired 196 | . 23 173 Missed 53 | . 6 47 Hits 143 | . 17 126 Melee 6 | . . 6 Projectile 137 | . 17 120 Critical Strikes 2 | . . 2 Damage Taken 1730 | . 220 1510 Core 510 | . 41 469 Absorbed by Shields . | . . . Regen/Repaired (Parts) 110 | . 110 . Core Remaining (%) 91 | 100 83 . Volleys Fired 69 | . 15 54 Largest 2 | . 2 2 Hottest 126 | . 70 126 Shots Fired 123 | . 30 93 Gun 81 | . 30 51 Cannon 42 | . . 42 Launcher . | . . . Special . | . . . Kinetic 57 | . 15 42 Thermal 66 | . 15 51 Explosive . | . . . Electromagnetic . | . . . Robot Hit Streak 10 | . 10 7 Robot Miss Streak 6 | . 2 6 Penetration Max . | . . . Secondary Targets . | . . . Shots Hit Robots 75 | . 21 54 Core Hits 31 | . 9 22 Critical Kills . | . . . Critical Parts Destroyed . | . . . Critical Strikes 4 | . 1 3 Burn 3 | . 1 2 Blast 1 | . . 1 Melee Attacks . | . . . Impact . | . . . Slashing . | . . . Piercing . | . . . Sneak Attacks . | . . . Combat Hostiles . | . . . Follow-up Attacks . | . . . Damage Inflicted 1393 | . 224 1169 Guns 802 | . 224 578 Cannons 585 | . . 585 Explosions . | . . . Melee . | . . . Ramming 6 | . . 6 Kinetic 660 | . 75 585 Thermal 727 | . 149 578 Explosive . | . . . Electromagnetic . | . . . Impact . | . . . Slashing . | . . . Piercing . | . . . Highest Corruption 4 | . 1 4 Average Corruption 3 | . 1 3 Corruption Purged . | . . . Corruption Blocked . | . . . Effects 14 | . 2 12 Message Errors 3 | . 1 2 Matter Fused 5 | . 1 4 Energy Discharges 2 | . . 2 Parts Rejected 1 | . . 1 Data Loss (minor) 1 | . . 1 Data Loss (major) 1 | . . 1 Alerts 1 | . . 1 Overload Shots . | . . . Overflow Damage . | . . . Projectiles . | . . . Explosions . | . . . Melee . | . . . Knockbacks 5 | . . 5 Impact . | . . . Kinetic 4 | . . 4 Secondary 1 | . . 1 Self-Inflicted Damage 3 | . . 3 Shots . | . . . Rammed 1 | . . 1 Targets Rammed 1 | . . 1 Kicked . | . . . Crushed . | . . . Highest Temperature 622 | . 122 622 Average Temperature 172 | . 58 217 Received Heat Transfer 609 | . 54 555 Effects 19 | . . 19 Shutdowns 2 | . . 2 Energy Bleed 2 | . . 2 Interference 1 | . . 1 Damage (minor) 2 | . . 2 Damage (major) 11 | . . 11 Damage (core) 1 | . . 1 Siege Activations . | . . . Martial Activations . | . . . Shielding Activations . | . . . Robots Disrupted . | . . . Combat Hostiles . | . . . Robots Corrupted . | . . . Combat Hostiles . | . . . Parts Fried . | . . . Impact Corruptions . | . . . Robots Melted . | . . . Combat Hostiles . | . . . Parts Melted 3 | . 1 2 Heat Transferred 1961 | . 518 1443 Parts Sabotaged . | . . . Parts Stolen . | . . . Parts Stripped . | . . . Power Chain Reactions . | . . . Alert | -11 -10 -9 ------- Run | Yrd Mat Mat Maximum Alert Level . | . . . Low Security (%) 100 | 100 100 100 Level 1 . | . . . Level 2 . | . . . Level 3 . | . . . Level 4 . | . . . Level 5 . | . . . High Security . | . . . Max Security . | . . . Peak Influence 183 | . 80 183 Initial 1 | . . 1 Average 59 | . 30 84 Influence Increases 565 | . 132 433 Destroy 0b10 Robot/C 420 | . 100 320 Destroy 0b10 Robot/NC 15 | . 5 10 Destroy Leader 60 | . 10 50 Successful Hack 22 | . 17 5 Disable Machine 15 | . . 15 Destroy Structure 3 | . . 3 Lose Combat Pursuer 30 | . . 30 Influence Decreases 382 | . 128 254 Entered New Map 3 | . . 3 Time Decay 289 | . 118 171 Lost Part 90 | . 10 80 Squads Dispatched 1 | . . 1 Investigation . | . . . Extermination . | . . . Reinforcement 1 | . . 1 Assault . | . . . Garrison . | . . . Intercept . | . . . Searches Triggered . | . . . Construction Impeded 1 | . . 1 Haulers Reinforced . | . . . Active Scanning Responses . | . . . Cargo Convoy Interrupts . | . . . Stealth | -11 -10 -9 --------- Run | Yrd Mat Mat Distress Signals 4 | . . 4 Communications Jammed . | . . . Distress Signals . | . . . Times Spotted 30 | . 5 25 Peak Tracking Total 8 | . 3 8 Tactical Retreats 1 | . . 1 Traps | -11 -10 -9 ------- Run | Yrd Mat Mat Traps Triggered 5 | . 3 2 Indirectly . | . . . Trap Hack Attempts . | . . . Triggered . | . . . Disarmed . | . . . Reprogrammed . | . . . Reused . | . . . Traps Extracted . | . . . Installed . | . . . Triggered . | . . . Machines | -11 -10 -9 ---------- Run | Yrd Mat Mat Machines Disabled 1 | . . 1 Max in Single Turn 1 | . . 1 Machines Repaired . | . . . Machines Dismantled . | . . . Machines Sabotaged . | . . . Overloaded Fab Kills . | . . . Hacking | -11 -10 -9 --------- Run | Yrd Mat Mat Machines Accessed 4 | . 3 1 Terminals 3 | . 2 1 Fabricators . | . . . Repair Stations 1 | . 1 . Recycling Units . | . . . Scanalyzers . | . . . Garrison Access . | . . . Total Hacks 20 | . 14 6 Successful 11 | . 9 2 Failed 9 | . 5 4 Catastrophic 1 | . . 1 Database Lockouts . | . . . Manual 3 | . 2 1 Terminals 13 | . 7 6 Fabricators . | . . . Repair Stations 7 | . 7 . Recycling Units . | . . . Scanalyzers . | . . . Garrison Access . | . . . Terminal Hacks 5 | . 3 2 Robot Analysis 1 | . 1 . Branch Access Points 1 | . 1 . Alert Level 1 | . . 1 Hauler Manifests 1 | . 1 . Zone Layout 1 | . . 1 Fabricator Hacks . | . . . Repair Station Hacks 6 | . 6 . Scan Component 3 | . 3 . Repair 3 | . 3 . Recycling Unit Hacks . | . . . Scanalyzer . | . . . Garrison Access Hacks . | . . . Unauthorized Hacks . | . . . Terminals . | . . . Fabricators . | . . . Repair Stations . | . . . Recycling Units . | . . . Scanalyzers . | . . . Garrison Access . | . . . Data Cores Recovered . | . . . Used . | . . . Hacking Detections 4 | . 3 1 Full Trace Events 2 | . 1 1 Feedback Events . | . . . Feedback Blocked . | . . . Robot Schematics Acquired . | . . . Robots Built . | . . . Authchips . | . . . Time . | . . . Total Robot Build Rating . | . . . Part Schematics Acquired . | . . . Parts Built . | . . . Authchips . | . . . Time . | . . . Total Part Build Rating . | . . . Part Studies Acquired . | . . . Parts Repaired 3 | . 3 . Time 78 | . 78 . Parts Recycled . | . . . Recycled Matter . | . . . Retrieved Matter . | . . . Retrieved Components . | . . . Parts Scanalyzed . | . . . Part Schematics Acquired . | . . . Parts Damaged . | . . . Bothacking | -11 -10 -9 ------------ Run | Yrd Mat Mat Used RIF Installer . | . . . Robots Hacked . | . . . Non-combat . | . . . Combat . | . . . Robot Hacks Applied . | . . . Relay Couplers Released . | . . . Fabnet Peak Effective % . | . . . Robots Rewired . | . . . Allies Hacked . | . . . Hacks Repelled . | . . . Allies | -11 -10 -9 -------- Run | Yrd Mat Mat Total Allies . | . . . Largest Group . | . . . Highest-Rated Group . | . . . Highest-Rated Ally . | . . . Total Orders . | . . . Ally Attacks . | . . . Total Damage . | . . . Kills . | . . . Allies Corrupted . | . . . Allies Melted . | . . . Intel | -11 -10 -9 ------- Run | Yrd Mat Mat Active Infowar (turns) . | . . . Robot Analysis Total 1 | . 1 . Derelict Logs Recovered . | . . . Drone Launches . | . . . Drone Recoveries . | . . . Exploration | -11 -10 -9 ------------- Run | Yrd Mat Mat Turns Passed 789 | 56 280 453 Spaces Moved 487 | 57 178 252 Core 13 | 1 . 12 Treads . | . . . Legs 142 | . . 142 Wheels 332 | 56 178 98 Hover . | . . . Flight . | . . . Fastest Speed 50 | 50 80 80 Average Speed 92 | 79 80 104 Slowest Speed 150 | 80 80 150 Overloaded Moves . | . . . Propulsion Burnouts . | . . . Robots Hopped . | . . . Potential Cave-ins . | . . . Cave-ins Triggered . | . . . Exploration Rate (%) 17 | 3 33 15 Regions Visited 2 Branch Regions . Pre-discovered Areas . | . . . Known Exits Taken . | . . . Unknown Exits Taken 2 | 1 1 . Scrap Searched . | . . . Spaces Dug . | . . . Terrain Destroyed 2 | . . 2 Melee . | . . . Projectile 2 | . . 2 AOE . | . . . Terrain Rammed . | . . . Walls Destroyed . | . . . Machines Disabled . | . . . Actions | -11 -10 -9 --------- Run | Yrd Mat Mat Total 698 | 64 287 347 Wait 102 | . 87 15 Move 485 | 56 177 252 Hop . | . . . Pick Up 5 | 3 2 . Fast Attach 18 | 5 3 10 Attach 3 | . 1 2 Detach 2 | . . 2 Swap 7 | . 1 6 Drop 6 | . 1 5 Fire 69 | . 15 54 Melee . | . . . Ram 1 | . . 1 Kick . | . . . Crush . | . . . Escape Stasis . | . . . Rewire . | . . . Trap . | . . . Miscellaneous . | . . . Route ------- -11/Scrapyard -10/Materials (discovered 2 exits: *Mat / Min) -9/Materials (discovered 1 exit: [*Min]) History --------- Turn | Location | Event 18 | -11/Scrapyard | Discovered new exit (range 16) 57 | -11/Scrapyard | Entered Materials 66 | -10/Materials | Identified exit to Mines 216 | -10/Materials | Discovered new exit (range 15) 270 | -10/Materials | Repaired Wheel 297 | -10/Materials | Repaired Med. Laser 318 | -10/Materials | Build established: Mutant 325 | -10/Materials | Repaired Lgt. Assault Rifle 337 | -10/Materials | Entered another Materials area 337 | -9/Materials | Evolved 2 slots: Utility x2 367 | -9/Materials | Discovered new exit (range 14) 638 | -9/Materials | Core integrity fell below 50% 710 | -9/Materials | Lost 6 parts (1p2n3w) 767 | -9/Materials | Core integrity fell below 20% 791 | -9/Materials | Core melted Last Messages --------------- G-34 Mercenary destroyed. R-06 Scavenger collects Ion Engine. Power failure, Ion Engine shutdown. Overheating: Carbon-fiber Leg damaged (-54). Overheating: Field Laser damaged (-46). Overheating: Ion Engine damaged (-9). Overheating: Carbon-fiber Leg damaged (-23). Overheating: Carbon-fiber Leg damaged (-31). Overheating: Carbon-fiber Leg damaged (-10). Overheating: Ion Engine damaged (-5). Overheating: Carbon-fiber Leg damaged (-9). Overheating: Field Laser damaged (-10). Overheating: Energy bleed (-46). G-34 Mercenary suffers critical hit (Burn). Heat Sink melted. G-34 Mercenary destroyed. Overheating: System interference. Field Laser temporarily disabled. Power failure, Ion Engine shutdown. Overheating: Core damaged (-80). Map ----- +----------------------------------------------------+ | ??#### #####????????????? | | ?##! #????????????????? | | ?#! #????????????????? | | ?#! #????????????????? | | ?#! #????????????????? | | ?#! ################ ###########??????? | | ?##! ??????????????## # #??????? | | ??###??????????????## # """ """ #??????? | | ????????????????????# %# """ """ #??????? | | ????????????????????# # """ """ #??????? | | ???#######+##########% + #??????? | | ?? % # #??????? | | ?? = # #??????? | | ?? % + #??????? | | ??????##+###### # ###########??????? | | ??????????????# [* # #????????????????? | | ??????????????#!!% [# #????????????????? | | ??????????????#!!= # #????????????????? | | ??????????????######## #????????????????? | | ?????????????????????# #????????????????? | | ?????????????????????# #????????????????? | | ?????????????????????# ###########??????? | | ?????????????????????# # #??????? | | ?????????????????????# # ! #??????? | | ?????????????????????# # #??????? | | ?????????????????????# #@ ! #??????? | | ?????????????????????# %%* #??????? | | ?????????????????????# =#%""" """ #??????? | | ?????????????????????# # """ """ #??????? | | ???????????????????? # """ """ #??????? | | ??????????????????? ###########??????? | | ??????????????????#### #????????????????? | | ?????????????????????# #????????????????? | | ?????????????????????# #????????????????? | | ?????????????????????# ?????????????????? | | ?????????????????????# ?????????????????? | | ?????????????????????###?????????????????? | | ?????????????????????????????????????????? | | ?????????????????????????????????????????? | | ?????????????????????????????????????????? | | ?????????????????????????????????????????? | | ?????????????????????????????????????????? | | ?????????????????????????????????????????? | | ?????????????????????????????????????????? | | ?????????????????????????????????????????? | | ?????????????????????????????????????????? | | ?????????????????????????????????????????? | | ?????????????????????????????????????????? | | ?????????????????????????????????????????? | | | +----------------------------------------------------+ Best States ------------- Heat Dissipation 28 Energy Generation 10 Energy Capacity 250 Matter Stores 297 Matter Capacity 300 Sight Range 16 Terrain Scan Density 10 Evasion (%) 55 Item Schematics ----------------- None Robot Schematics ------------------ None Fabricated ------------ Nothing Repaired ---------- Wheel | 2% | -10/Materials Med. Laser | 44% | -10/Materials Lgt. Assault Rifle | 60% | -10/Materials Studied --------- None Alien Tech Used ----------------- None Achievements -------------- None Challenges ------------ None Game ------ Seed MissileControlStabilizer Manual? 0 Play Time 00:16:10 Cumulative 12.6 hours Start 2026.08.06 @ 19:07:54 End 2026.08.06 @ 19:25:53 Sessions 1 Manual Loads 0 Difficulty Rogue Special Mode None Game No. 33 Rogue 33 Adventurer 0 Explorer 0 Win Type - Total 0 Types 0/0/0/0/0/0/0/0/0/0 Lore% 15 Gallery% 14 Achievement% 13 Wizard Run 0 Options --------- Layout 1 ASCII 0 Keyboard 1 Movement Arrows Keybinds 0 Fullscreen 1 Font 24/Smallcaps Map View 50x35 Zoom Use 0% Tactical HUD 0 Map Filters NONE Filters NONE Steam 1 RUN: 7aace616-993f-47f5-9541-d823e4e3aa95